 Dungeon Crawl Stone Soup version 0.22-a0-469-gf26638a71f (webtiles) character file.

44 Anathary the Ducker (level 3, 0/29 HPs)
             Began as a Demonspawn Monk on June 13, 2018.
             Succumbed to an adder's poison
             ... on level 2 of the Dungeon.
             The game lasted 00:03:29 (993 turns).

Anathary the Ducker (Demonspawn Monk)                Turns: 993, Time: 00:03:29

Health: 0/29       AC:  2    Str: 11    XL:     3   Next: 39%
Magic:  3/3        EV: 14    Int: 16    God:
Gold:   105        SH:  0    Dex: 16    Spells: 2/2 levels left

rFire    + . .     SeeInvis .     - Unarmed
rCold    . . .     Gourm    +   (no shield)
rNeg     . . .     Faith    .   a - +0 robe
rPois    .         Spirit   .   (helmet restricted)
rElec    .         Reflect  .   (no cloak)
rCorr    .         Harm     .   (no gloves)
MR       .....                  (no boots)
Stlth    ++........             e - amulet of the gourmand
HPRegen  0.09/turn              (no ring)
MPRegen  0.08/turn              (no ring)

@: brilliant, lethally poisoned (0 -> -2)
A: antennae 1, fire resistance 1
a: no special abilities


You were on level 2 of the Dungeon.
You were not hungry.

You visited 1 branch of the dungeon, and saw 2 of its levels.

You collected 105 gold pieces.

Inventory:

Armour
 a - a +0 robe (worn)
Jewellery
 e - an amulet of the gourmand (around neck)
Scrolls
 c - 2 scrolls of identify {unknown}
 d - a scroll of remove curse {unknown}
Comestibles
 b - 2 rations


   Skills:
 + Level 3.2 Fighting
 + Level 3.3 Dodging
 + Level 2.0 Stealth
 + Level 3.2 Unarmed Combat


You had 2 spell levels left.
You didn't know any spells.
Your spell library was empty.

Dungeon Overview and Level Annotations

Branches:
Dungeon (2/15)

Altars:


Innate Abilities, Weirdness & Mutations

You have a pair of small antennae on your head.
Your flesh is heat resistant. (rF+)


Message History

You kill the adder!
You feel sick.
The hobgoblin hits you but does no damage.
You hit the hobgoblin but do no damage. The hobgoblin hits you with a club.
You closely miss the hobgoblin. The hobgoblin hits you with a club.
* * * LOW HITPOINT WARNING * * *
You hit the hobgoblin.
The hobgoblin is heavily wounded.
The hobgoblin hits you with a club.
* * * LOW HITPOINT WARNING * * *
You hit the hobgoblin.
You kill the hobgoblin!
* * * LOW HITPOINT WARNING * * *
You feel sick.
You see here a club.
It was a potion of brilliance.
You feel clever all of a sudden.
You feel a craving for the dungeon's cuisine.
e - an amulet of the gourmand (around neck)
You die...

# #. ###.######
#.# .........#
#.# #........#
#.# #........#
#.# ....$..).#
#.#
.......#@#####.#
.......†.......#
..............<#
...............#
..##...........#
. ###.....#####
#.....# .......#
.......#


There were no monsters in sight!

Vanquished Creatures
  A gnoll (D:1)
  An adder (D:2)
  A leopard gecko (D:2)
  5 goblins (D:1)
  4 hobgoblins
  2 jackals (D:1)
  4 bats (D:1)
  A kobold (D:1)
  3 rats (D:1)
22 creatures vanquished.

Notes
Turn   | Place    | Note
-------+----------+-------------------------------------------
     0 | D:1      | Anathary the Demonspawn Monk began the quest for the Orb.
     0 | D:1      | Reached XP level 1. HP: 18/18 MP: 1/1
   215 | D:1      | Gained mutation: You have a pair of small antennae on your head. [demonic ancestry]
   215 | D:1      | Reached XP level 2. HP: 21/24 MP: 2/2
   660 | D:1      | Gained mutation: Your flesh is heat resistant. (rF+) [demonic ancestry]
   660 | D:1      | Reached XP level 3. HP: 13/29 MP: 3/3
   989 | D:2      | HP: 1/29 [poisoned by an adder]
   993 | D:2      | Succumbed to an adder's poison

Vault maps used:
D:1:      lemuel_arrival_cross, minmay_misc_feat_cross, minmay_misc_feat_square
D:2:      first_ration, elyvilon_altar_5

Skill      XL: |  1  2 |
---------------+-------+-----
Dodging        | 3 |  3.3
Unarmed Combat | 3 |  3.2
Stealth        | 2 |  2.0
Fighting       | |  3.2

Action                   || total
-------------------------++-------
Melee: Unarmed           ||    97
  Use: Potion            ||     1
 Stab: Sleeping          ||     6
Armor: Robe              ||    20
Dodge: Dodged            ||    74

Table legend:
 A = Spawn XP
 B = Non-spawn XP
 C = Spawn XP percentage of total XP
 D = Spawn monster count
 E = Non-spawn monster count
 F = Spawn count percentage of total count
 G = Total turns spent on level
                    A         B        C        D         E        F      G
               +---------+---------+-------+---------+---------+-------+---------
         Total |       0 |      63 |   0.0 |       0 |      22 |   0.0 |   993
               +---------+---------+-------+---------+---------+-------+---------
           D:1 |       0 |      45 |   0.0 |       0 |      19 |   0.0 |   970
           D:2 |       0 |      18 |   0.0 |       0 |       3 |   0.0 |    23
               +---------+---------+-------+---------+---------+-------+---------
